Workbook

Sheet October 2018
A1: Check Number | D1: Check Date | E1: Vendor Name | G1: Transaction Amount | V1: Description | W1: Account Name | X1: Department | Y1: Division | Z1: Object of Expenditure | AB1: Project Number
A2: 464433 | D2: 43018 | E2: BOB TOMES FORD | G2: 127.6 | V2: BLANKET PURCHASE ORDER | W2: AUTO MAINTENANCE | X2: EQUIPMENT SERVICES | Y2: EQUIP SERV-SHARED | Z2: BLANKET PURCHASE ORDER
G4: -51.23 | V4: INV# 57906 | W4: AUTO MAINTENANCE | X4: EQUIPMENT SERVICES | Y4: EQUIP SERV-SHARED | Z4: INV# 57906
G5: -50 | V5: INV# 58214 | W5: AUTO MAINTENANCE | X5: EQUIPMENT SERVICES | Y5: EQUIP SERV-SHARED | Z5: INV# 58214
G6: -6.85 | V6: INV# 58592 | W6: AUTO MAINTENANCE | X6: EQUIPMENT SERVICES | Y6: EQUIP SERV-SHARED | Z6: INV# 58592
G7: 6.85 | V7: INV# CM58592 | W7: AUTO MAINTENANCE | X7: EQUIPMENT SERVICES | Y7: EQUIP SERV-SHARED | Z7: INV# CM58592
G8: 50 | V8: PO# 199306 | W8: AUTO MAINTENANCE | X8: EQUIPMENT SERVICES | Y8: EQUIP SERV-SHARED | Z8: PO# 199306
A9: 465004 | D9: 43025 | G9: 89.95 | V9: BLANKET PURCHASE ORDER | W9: AUTO MAINTENANCE | X9: EQUIPMENT SERVICES | Y9: EQUIP SERV-SHARED | Z9: BLANKET PURCHASE ORDER
A10: 465440 | D10: 43039 | G10: 3.18 | V10: REQ# 241674 | W10: AUTO MAINTENANCE | X10: EQUIPMENT SERVICES | Y10: EQUIP SERV-SHARED | Z10: REQ# 241674
A11: 465660 | D11: 43039 | G11: 3035.29 | V11: BLANKET PURCHASE ORDER | W11: AUTO MAINTENANCE | X11: EQUIPMENT SERVICES | Y11: EQUIP SERV-SHARED | Z11: BLANKET PURCHASE ORDER
G32: -401.8 | V32: INV#59883 | W32: AUTO MAINTENANCE | X32: EQUIPMENT SERVICES | Y32: EQUIP SERV-SHARED | Z32: INV#59883
N36: =SUM(hList_Frame_1!B1:B33) -> 2802.99
A39: 464837 | D39: 43025 | E39: BOB BARKER COMPANY INC | G39: 19465.92 | V39: CLOTHING AND APPAREL | W39: DETENTION SUPPLIES | X39: SHERIFF'S OFFICE | Y39: JAIL OPS-ADMIN | Z39: CLOTHING AND APPAREL
Y40: MINIMUM SECURITY
G41: 247.68 | V41: credit # ut1.434884 | W41: DETENTION SUPPLIES | X41: SHERIFF'S OFFICE | Y41: JAIL OPS-ADMIN | Z41: credit # ut1.434884
G42: -247.68 | V42: org inv# ut1.432992 | W42: DETENTION SUPPLIES | X42: SHERIFF'S OFFICE | Y42: JAIL OPS-ADMIN | Z42: org inv# ut1.432992
A43: 465441 | D43: 43039 | G43: 700 | V43: PO# 218670 | W43: DETENTION SUPPLIES | X43: SHERIFF'S OFFICE | Y43: JAIL OPS-ADMIN | Z43: PO# 218670
A44: 465661 | D44: 43039 | G44: 5724 | V44: 217701 | W44: DETENTION SUPPLIES | X44: SHERIFF'S OFFICE | Y44: JAIL OPS-ADMIN | Z44: 217701
G45: 1330 | V45: 218670 | W45: DETENTION SUPPLIES | X45: SHERIFF'S OFFICE | Y45: JAIL OPS-ADMIN | Z45: 218670
G46: 3549.37 | V46: CLOTHING AND APPAREL | W46: DETENTION SUPPLIES | X46: JUVENILE PROBATION | Y46: JUV DET -ADMIN | Z46: CLOTHING AND APPAREL
G49: 3.7 | V49: LAUNDRY TEXTILES/SUPPLIES | W49: DETENTION SUPPLIES | X49: JUVENILE PROBATION | Y49: JUV DET -ADMIN | Z49: LAUNDRY TEXTILES/SUPPLIES
G50: 426.17 | V50: PERSONAL HYGIENE&GROOMING | W50: DETENTION SUPPLIES | X50: JUVENILE PROBATION | Y50: JUV DET -ADMIN | Z50: PERSONAL HYGIENE&GROOMING
G51: 227.23 | V51: TEXTILES/FIBERS/LINENS | W51: DETENTION SUPPLIES | X51: JUVENILE PROBATION | Y51: JUV DET -ADMIN | Z51: TEXTILES/FIBERS/LINENS
L53: =SUM(hList_Frame_1!B34:B46) -> 31426.39
A55: 464169 | D55: 43011 | E55: ECOLAB INC | G55: 1868.3 | V55: JANITORIAL SUPPLIES | W55: KITCHEN SUPPLIES | X55: SHERIFF'S OFFICE | Y55: MINIMUM SECURITY | Z55: JANITORIAL SUPPLIES
A56: 465442 | D56: 43039 | G56: 3142.55 | V56: JANITORIAL SUPPLIES | W56: DETENTION SUPPLIES | X56: SHERIFF'S OFFICE | Y56: MINIMUM SECURITY | Z56: JANITORIAL SUPPLIES
W57: JANITORIAL SUPPLIES | X57: JUVENILE PROBATION | Y57: JUV DET -ADMIN
G58: 3208.2 | V58: JANITORIAL SUPPLIES-GEN. | W58: DETENTION SUPPLIES | X58: SHERIFF'S OFFICE | Y58: JAIL OPS-ADMIN | Z58: JANITORIAL SUPPLIES-GEN.
A60: 465662 | D60: 43039 | G60: 1915.8 | V60: JANITORIAL SUPPLIES | W60: KITCHEN SUPPLIES | X60: SHERIFF'S OFFICE | Y60: MINIMUM SECURITY | Z60: JANITORIAL SUPPLIES
L62: =SUM(hList_Frame_1!B47:B52) -> 10134.85
A64: 465663 | D64: 43039 | E64: MATTHEW BENDER & CO INC | G64: 276.1 | V64: BLANKET PURCHASE ORDER | W64: LIBRARY UPDATES | X64: BUDGET | Y64: LAW LIBRARY-ADMIN | Z64: BLANKET PURCHASE ORDER
P66: =SUM(hList_Frame_1!B53:B53) -> 276.1
A68: 464719 | D68: 43025 | E68: GIBBS, GREGG M PC | G68: 300 | V68: 296-30195-16 | W68: COURT APPOINTED ATTORNEY | X68: COURT APPT REPRESENTATION | Y68: COURT APPT REPRESENTATION | Z68: 296-30195-16 | AB68: ID296A
A69: 465134 | D69: 43032 | G69: 340 | V69: 417-30022-17 | W69: COURT APPOINTED ATTORNEY | X69: COURT APPT REPRESENTATION | Y69: COURT APPT REPRESENTATION | Z69: 417-30022-17 | AB69: ID417A
W70: MEDIATOR COSTS | X70: DISTRICT COURTS | Y70: DIST CT-SHARED | AB70: 417MC
A71: 465337 | D71: 43039 | G71: 920 | V71: 199-30108-16 | W71: COURT APPOINTED ATTORNEY | X71: COURT APPT REPRESENTATION | Y71: COURT APPT REPRESENTATION | Z71: 199-30108-16 | AB71: ID199A
W72: MEDIATOR COSTS | X72: DISTRICT COURTS | Y72: DIST CT-SHARED | AB72: 199MC
G73: 910 | V73: 199-30176-16 | W73: COURT APPOINTED ATTORNEY | X73: COURT APPT REPRESENTATION | Y73: COURT APPT REPRESENTATION | Z73: 199-30176-16 | AB73: ID199A
G74: 1295 | V74: 296-30103-16 | W74: COURT APPOINTED ATTORNEY | X74: COURT APPT REPRESENTATION | Y74: COURT APPT REPRESENTATION | Z74: 296-30103-16 | AB74: ID296A
W75: MEDIATOR COSTS | X75: DISTRICT COURTS | Y75: DIST CT-SHARED | AB75: 296MC
N77: =SUM(hList_Frame_1!B54:B61) -> 3765
A79: 464288 | D79: 43018 | E79: HEIDENHEIMER, MARK | G79: 450 | V79: 005-86056-17 | W79: COURT APPOINTED ATTORNEY | X79: COURT APPT REPRESENTATION | Y79: COURT APPT REPRESENTATION | Z79: 005-86056-17 | AB79: IDCL5M
A80: 465135 | D80: 43032 | G80: 450 | V80: 006-86499-17 | W80: COURT APPOINTED ATTORNEY | X80: COURT APPT REPRESENTATION | Y80: COURT APPT REPRESENTATION | Z80: 006-86499-17 | AB80: IDCL4M
A81: 465338 | D81: 43039 | G81: 440 | V81: 296-04975-17 | W81: COURT APPOINTED ATTORNEY | X81: COURT APPT REPRESENTATION | Y81: COURT APPT REPRESENTATION | Z81: 296-04975-17 | AB81: ID296F
N83: =SUM(hList_Frame_1!B62:B64) -> 1340
A85: 465664 | D85: 43039 | E85: POLLOCK PAPER DISTRIBUTORS | G85: 1057.54 | V85: FLOOR MAINT MACHINE/PARTS | W85: JANITORIAL SUPPLIES | X85: SHERIFF'S OFFICE | Y85: JAIL OPS-ADMIN | Z85: FLOOR MAINT MACHINE/PARTS
G86: 4203.06 | V86: HOSPITAL SUNDRIES | W86: DETENTION SUPPLIES | X86: SHERIFF'S OFFICE | Y86: MINIMUM SECURITY | Z86: HOSPITAL SUNDRIES
N88: =SUM(hList_Frame_1!B65:B66) -> 5260.6
A90: 464838 | D90: 43025 | E90: WEST PUBLISHING CORPORATION | G90: 7008.14 | V90: BLANKET PURCHASE ORDER | W90: LIBRARY BOOKS | X90: DISTRICT ATTORNEY | Y90: DA-ADMIN | Z90: BLANKET PURCHASE ORDER
W91: LIBRARY UPDATES | X91: BUDGET | Y91: LAW LIBRARY-ADMIN
G93: 291.04 | V93: PUBLICATIONS/AUDIOVISUALS | W93: DUES & SUBSCRIPTIONS | X93: UNALLOCATED | Y93: NON-DEPARTMENTAL | Z93: PUBLICATIONS/AUDIOVISUALS
A94: 465005 | D94: 43025 | G94: 6879 | V94: BLANKET PURCHASE ORDER | W94: LIBRARY UPDATES | X94: BUDGET | Y94: LAW LIBRARY-ADMIN | Z94: BLANKET PURCHASE ORDER
L96: =SUM(hList_Frame_1!B67:B71) -> 14178.18
A98: 465665 | D98: 43039 | E98: PLANO POWER EQUIPMENT | G98: 751.09 | V98: BLANKET PURCHASE ORDER | W98: GROUNDS EQUIPMENT MAINT | X98: EQUIPMENT SERVICES | Y98: EQUIP SERV-SHARED | Z98: BLANKET PURCHASE ORDER
W101: HEAVY EQUIPMENT REPAIR | X101: EQUIPMENT SERVICES | Y101: EQUIP SERV-SHARED
G102: -52.11 | V102: INV# 1311166 | W102: GROUNDS EQUIPMENT MAINT | X102: EQUIPMENT SERVICES | Y102: EQUIP SERV-SHARED | Z102: INV# 1311166
G103: 38.92 | V103: INV# 1311773 | W103: GROUNDS EQUIPMENT MAINT | X103: EQUIPMENT SERVICES | Y103: EQUIP SERV-SHARED | Z103: INV# 1311773
P105: =SUM(hList_Frame_1!B72:B77) -> 737.9
A107: 464434 | D107: 43018 | E107: GEBO DISTRIBUTING CO | G107: 1006.77 | V107: BLANKET PURCHASE ORDER | W107: ANIMAL CARE | X107: ANIMAL SHELTER | Y107: ANIMAL SHELTER-ADMIN | Z107: BLANKET PURCHASE ORDER
N109: =SUM(hList_Frame_1!B78:B78) -> 1006.77
A111: 464170 | D111: 43011 | E111: BEN E KEITH DFW | G111: 215.7 | V111: EDIBLE FOODS, STAPLE | W111: FOOD SUPPLIES | X111: SHERIFF'S OFFICE | Y111: MINIMUM SECURITY | Z111: EDIBLE FOODS, STAPLE
A112: 464435 | D112: 43018 | G112: 3441.95 | V112: EDIBLE FOODS, STAPLE | W112: JAIL FOOD | Z112: EDIBLE FOODS, STAPLE
G113: 1771.86 | V113: FOODS, PERISHABLE | W113: JAIL FOOD | Z113: FOODS, PERISHABLE
G114: 409.4 | V114: FOODS, READY-TO-EAT | W114: JAIL FOOD | Z114: FOODS, READY-TO-EAT
A115: 464667 | D115: 43018 | G115: 581.76 | V115: EDIBLE FOODS, STAPLE | W115: MINIMUM SECURITY FOOD | Z115: EDIBLE FOODS, STAPLE
G116: 781.8 | V116: FOODS, PERISHABLE | W116: MINIMUM SECURITY FOOD | Z116: FOODS, PERISHABLE
G117: 272.49 | V117: FOODS, READY-TO-EAT | W117: MINIMUM SECURITY FOOD | Z117: FOODS, READY-TO-EAT
A118: 465006 | D118: 43025 | G118: 4420.34 | V118: EDIBLE FOODS, STAPLE | W118: JAIL FOOD | Z118: EDIBLE FOODS, STAPLE
W119: MINIMUM SECURITY FOOD
G120: 2222.27 | V120: FOODS, PERISHABLE | W120: FOOD SUPPLIES | X120: JUVENILE PROBATION | Y120: JUV DET -ADMIN | Z120: FOODS, PERISHABLE
W121: JAIL FOOD
W122: MINIMUM SECURITY FOOD
G123: 1611.9 | V123: FOODS, READY-TO-EAT | W123: JAIL FOOD | Z123: FOODS, READY-TO-EAT
G124: 167.92 | V124: PO 218979 | W124: FOOD SUPPLIES | X124: SHERIFF'S OFFICE | Y124: MINIMUM SECURITY | Z124: PO 218979
G125: 1126.2 | V125: PO 218999 | W125: FOOD SUPPLIES | X125: JUVENILE PROBATION | Y125: JUV DET -ADMIN | Z125: PO 218999
A127: 465666 | D127: 43039 | G127: 2793.36 | V127: EDIBLE FOODS, STAPLE | W127: JAIL FOOD | Z127: EDIBLE FOODS, STAPLE
W128: MINIMUM SECURITY FOOD
G129: 2328.78 | V129: FOODS, PERISHABLE | W129: JAIL FOOD | Z129: FOODS, PERISHABLE
W130: MINIMUM SECURITY FOOD
G131: 1679.69 | V131: FOODS, READY-TO-EAT | W131: JAIL FOOD | Z131: FOODS, READY-TO-EAT
W132: MINIMUM SECURITY FOOD
G133: 335.84 | V133: PO #218979 | W133: FOOD SUPPLIES | X133: SHERIFF'S OFFICE | Y133: MINIMUM SECURITY | Z133: PO #218979
L136: =SUM(hList_Frame_1!B79:B102) -> 24161.26
A138: 465667 | D138: 43039 | E138: OFFICE OF THE ATTORNEY GENERAL | G138: 100 | V138: REQ# 241883-austin, tx | W138: EDUCATION & CONFERENCE | X138: DISTRICT ATTORNEY | Y138: DA-ADMIN | Z138: REQ# 241883-austin, tx
P140: =SUM(hList_Frame_1!B103:B103) -> 100
A142: 464436 | D142: 43018 | E142: ALFORD INSURANCE AGENCY | G142: 16.04 | V142: BLANKET PURCHASE ORDER | W142: SPECIAL DELIVERY SERVICE | X142: BUDGET | Y142: SUPPORT SERVICES - SHARED | Z142: BLANKET PURCHASE ORDER
S144: =SUM(hList_Frame_1!B104:B104) -> 16.04
A146: 464839 | D146: 43025 | E146: BEHAVIORAL MEASURES & FORENSIC | G146: 1500 | V146: PO# 214181 | W146: PRE-EMPLOYMENT EXAM | X146: SHERIFF'S OFFICE | Y146: SO-ADMIN | Z146: PO# 214181
N148: =SUM(hList_Frame_1!B105:B105) -> 1500
A150: 465007 | D150: 43025 | E150: QUILLIN, KIM | G150: 885 | V150: austin, tx | W150: TRAVEL ADVANCES | Z150: austin, tx
P152: =SUM(hList_Frame_1!B106:B106) -> 885
A154: 464171 | D154: 43011 | E154: OFFICE DEPOT | G154: -69.38 | V154: Inv#958250974001 | W154: OFFICE SUPPLIES | X154: TAX ASSESSOR/COLLECTOR | Y154: TAX A/C - ADMIN | Z154: Inv#958250974001
G155: -144.53 | V155: Inv#959460780001 | W155: OFFICE SUPPLIES | X155: TAX ASSESSOR/COLLECTOR | Y155: TAX A/C - ADMIN | Z155: Inv#959460780001
G156: 2685.19 | V156: OFFICE SUPPLIES (GENERAL) | W156: OFFICE SUPPLIES | X156: ADMINISTRATIVE SERVICES | Y156: ADMINISTRATIVE SERV-ADMIN | Z156: OFFICE SUPPLIES (GENERAL)
X157: COUNTY COURTS | Y157: CCL4-ADMIN
X158: HEALTHCARE SERVICES | Y158: SUB ABUSE-ADMIN
X160: TAX ASSESSOR/COLLECTOR | Y160: TAX A/C - ADMIN
A165: 464172 | D165: 43011 | G165: 210.83 | V165: BLANKET PURCHASE ORDER | W165: OFFICE SUPPLIES | X165: CSCD | Y165: CSCD-BASIC SUPERVISION | Z165: BLANKET PURCHASE ORDER | AB165: GT240E
A166: 464437 | D166: 43018 | G166: 91.37 | V166: BLANKET PURCHASE ORDER | W166: OFFICE SUPPLIES | X166: CSCD | Y166: CSCD-BASIC SUPERVISION | Z166: BLANKET PURCHASE ORDER | AB166: GT240E
AB167: GT240E
...

Sheet hList_Frame_1
A1: =IF(ISBLANK('October 2018'!A2),"",IF(ISTEXT('October 2018'!A2),0,'October 2018'!A2)) -> 464433 | B1: =IF(ISBLANK('October 2018'!G2),"",IF(ISTEXT('October 2018'!G2),0,'October 2018'!G2)) -> 127.6
A2: =IF(ISBLANK('October 2018'!A3),"",IF(ISTEXT('October 2018'!A3),0,'October 2018'!A3)) | B2: =IF(ISBLANK('October 2018'!G3),"",IF(ISTEXT('October 2018'!G3),0,'October 2018'!G3))
A3: =IF(ISBLANK('October 2018'!A4),"",IF(ISTEXT('October 2018'!A4),0,'October 2018'!A4)) | B3: =IF(ISBLANK('October 2018'!G4),"",IF(ISTEXT('October 2018'!G4),0,'October 2018'!G4)) -> -51.23
A4: =IF(ISBLANK('October 2018'!A5),"",IF(ISTEXT('October 2018'!A5),0,'October 2018'!A5)) | B4: =IF(ISBLANK('October 2018'!G5),"",IF(ISTEXT('October 2018'!G5),0,'October 2018'!G5)) -> -50
A5: =IF(ISBLANK('October 2018'!A6),"",IF(ISTEXT('October 2018'!A6),0,'October 2018'!A6)) | B5: =IF(ISBLANK('October 2018'!G6),"",IF(ISTEXT('October 2018'!G6),0,'October 2018'!G6)) -> -6.85
A6: =IF(ISBLANK('October 2018'!A7),"",IF(ISTEXT('October 2018'!A7),0,'October 2018'!A7)) | B6: =IF(ISBLANK('October 2018'!G7),"",IF(ISTEXT('October 2018'!G7),0,'October 2018'!G7)) -> 6.85
A7: =IF(ISBLANK('October 2018'!A8),"",IF(ISTEXT('October 2018'!A8),0,'October 2018'!A8)) | B7: =IF(ISBLANK('October 2018'!G8),"",IF(ISTEXT('October 2018'!G8),0,'October 2018'!G8)) -> 50
A8: =IF(ISBLANK('October 2018'!A9),"",IF(ISTEXT('October 2018'!A9),0,'October 2018'!A9)) -> 465004 | B8: =IF(ISBLANK('October 2018'!G9),"",IF(ISTEXT('October 2018'!G9),0,'October 2018'!G9)) -> 89.95
A9: =IF(ISBLANK('October 2018'!A10),"",IF(ISTEXT('October 2018'!A10),0,'October 2018'!A10)) -> 465440 | B9: =IF(ISBLANK('October 2018'!G10),"",IF(ISTEXT('October 2018'!G10),0,'October 2018'!G10)) -> 3.18
A10: =IF(ISBLANK('October 2018'!A11),"",IF(ISTEXT('October 2018'!A11),0,'October 2018'!A11)) -> 465660 | B10: =IF(ISBLANK('October 2018'!G11),"",IF(ISTEXT('October 2018'!G11),0,'October 2018'!G11)) -> 3035.29
A11: =IF(ISBLANK('October 2018'!A12),"",IF(ISTEXT('October 2018'!A12),0,'October 2018'!A12)) | B11: =IF(ISBLANK('October 2018'!G12),"",IF(ISTEXT('October 2018'!G12),0,'October 2018'!G12))
A12: =IF(ISBLANK('October 2018'!A13),"",IF(ISTEXT('October 2018'!A13),0,'October 2018'!A13)) | B12: =IF(ISBLANK('October 2018'!G13),"",IF(ISTEXT('October 2018'!G13),0,'October 2018'!G13))
... A33: =IF(ISBLANK('October 2018'!A34),"",IF(ISTEXT('October 2018'!A34),0,'October 2018'!A34)) | B33: =IF(ISBLANK('October 2018'!G34),"",IF(ISTEXT('October 2018'!G34),0,'October 2018'!G34))
A34: =IF(ISBLANK('October 2018'!A39),"",IF(ISTEXT('October 2018'!A39),0,'October 2018'!A39)) -> 464837 | B34: =IF(ISBLANK('October 2018'!G39),"",IF(ISTEXT('October 2018'!G39),0,'October 2018'!G39)) -> 19465.92
A35: =IF(ISBLANK('October 2018'!A40),"",IF(ISTEXT('October 2018'!A40),0,'October 2018'!A40)) | B35: =IF(ISBLANK('October 2018'!G40),"",IF(ISTEXT('October 2018'!G40),0,'October 2018'!G40))
A36: =IF(ISBLANK('October 2018'!A41),"",IF(ISTEXT('October 2018'!A41),0,'October 2018'!A41)) | B36: =IF(ISBLANK('October 2018'!G41),"",IF(ISTEXT('October 2018'!G41),0,'October 2018'!G41)) -> 247.68
A37: =IF(ISBLANK('October 2018'!A42),"",IF(ISTEXT('October 2018'!A42),0,'October 2018'!A42)) | B37: =IF(ISBLANK('October 2018'!G42),"",IF(ISTEXT('October 2018'!G42),0,'October 2018'!G42)) -> -247.68
A38: =IF(ISBLANK('October 2018'!A43),"",IF(ISTEXT('October 2018'!A43),0,'October 2018'!A43)) -> 465441 | B38: =IF(ISBLANK('October 2018'!G43),"",IF(ISTEXT('October 2018'!G43),0,'October 2018'!G43)) -> 700
A39: =IF(ISBLANK('October 2018'!A44),"",IF(ISTEXT('October 2018'!A44),0,'October 2018'!A44)) -> 465661 | B39: =IF(ISBLANK('October 2018'!G44),"",IF(ISTEXT('October 2018'!G44),0,'October 2018'!G44)) -> 5724
A40: =IF(ISBLANK('October 2018'!A45),"",IF(ISTEXT('October 2018'!A45),0,'October 2018'!A45)) | B40: =IF(ISBLANK('October 2018'!G45),"",IF(ISTEXT('October 2018'!G45),0,'October 2018'!G45)) -> 1330
A41: =IF(ISBLANK('October 2018'!A46),"",IF(ISTEXT('October 2018'!A46),0,'October 2018'!A46)) | B41: =IF(ISBLANK('October 2018'!G46),"",IF(ISTEXT('October 2018'!G46),0,'October 2018'!G46)) -> 3549.37
A42: =IF(ISBLANK('October 2018'!A47),"",IF(ISTEXT('October 2018'!A47),0,'October 2018'!A47)) | B42: =IF(ISBLANK('October 2018'!G47),"",IF(ISTEXT('October 2018'!G47),0,'October 2018'!G47))
A43: =IF(ISBLANK('October 2018'!A48),"",IF(ISTEXT('October 2018'!A48),0,'October 2018'!A48)) | B43: =IF(ISBLANK('October 2018'!G48),"",IF(ISTEXT('October 2018'!G48),0,'October 2018'!G48))
A44: =IF(ISBLANK('October 2018'!A49),"",IF(ISTEXT('October 2018'!A49),0,'October 2018'!A49)) | B44: =IF(ISBLANK('October 2018'!G49),"",IF(ISTEXT('October 2018'!G49),0,'October 2018'!G49)) -> 3.7
A45: =IF(ISBLANK('October 2018'!A50),"",IF(ISTEXT('October 2018'!A50),0,'October 2018'!A50)) | B45: =IF(ISBLANK('October 2018'!G50),"",IF(ISTEXT('October 2018'!G50),0,'October 2018'!G50)) -> 426.17
A46: =IF(ISBLANK('October 2018'!A51),"",IF(ISTEXT('October 2018'!A51),0,'October 2018'!A51)) | B46: =IF(ISBLANK('October 2018'!G51),"",IF(ISTEXT('October 2018'!G51),0,'October 2018'!G51)) -> 227.23
A47: =IF(ISBLANK('October 2018'!A55),"",IF(ISTEXT('October 2018'!A55),0,'October 2018'!A55)) -> 464169 | B47: =IF(ISBLANK('October 2018'!G55),"",IF(ISTEXT('October 2018'!G55),0,'October 2018'!G55)) -> 1868.3
A48: =IF(ISBLANK('October 2018'!A56),"",IF(ISTEXT('October 2018'!A56),0,'October 2018'!A56)) -> 465442 | B48: =IF(ISBLANK('October 2018'!G56),"",IF(ISTEXT('October 2018'!G56),0,'October 2018'!G56)) -> 3142.55
A49: =IF(ISBLANK('October 2018'!A57),"",IF(ISTEXT('October 2018'!A57),0,'October 2018'!A57)) | B49: =IF(ISBLANK('October 2018'!G57),"",IF(ISTEXT('October 2018'!G57),0,'October 2018'!G57))
A50: =IF(ISBLANK('October 2018'!A58),"",IF(ISTEXT('October 2018'!A58),0,'October 2018'!A58)) | B50: =IF(ISBLANK('October 2018'!G58),"",IF(ISTEXT('October 2018'!G58),0,'October 2018'!G58)) -> 3208.2
A51: =IF(ISBLANK('October 2018'!A59),"",IF(ISTEXT('October 2018'!A59),0,'October 2018'!A59)) | B51: =IF(ISBLANK('October 2018'!G59),"",IF(ISTEXT('October 2018'!G59),0,'October 2018'!G59))
A52: =IF(ISBLANK('October 2018'!A60),"",IF(ISTEXT('October 2018'!A60),0,'October 2018'!A60)) -> 465662 | B52: =IF(ISBLANK('October 2018'!G60),"",IF(ISTEXT('October 2018'!G60),0,'October 2018'!G60)) -> 1915.8
A53: =IF(ISBLANK('October 2018'!A64),"",IF(ISTEXT('October 2018'!A64),0,'October 2018'!A64)) -> 465663 | B53: =IF(ISBLANK('October 2018'!G64),"",IF(ISTEXT('October 2018'!G64),0,'October 2018'!G64)) -> 276.1
A54: =IF(ISBLANK('October 2018'!A68),"",IF(ISTEXT('October 2018'!A68),0,'October 2018'!A68)) -> 464719 | B54: =IF(ISBLANK('October 2018'!G68),"",IF(ISTEXT('October 2018'!G68),0,'October 2018'!G68)) -> 300
A55: =IF(ISBLANK('October 2018'!A69),"",IF(ISTEXT('October 2018'!A69),0,'October 2018'!A69)) -> 465134 | B55: =IF(ISBLANK('October 2018'!G69),"",IF(ISTEXT('October 2018'!G69),0,'October 2018'!G69)) -> 340
A56: =IF(ISBLANK('October 2018'!A70),"",IF(ISTEXT('October 2018'!A70),0,'October 2018'!A70)) | B56: =IF(ISBLANK('October 2018'!G70),"",IF(ISTEXT('October 2018'!G70),0,'October 2018'!G70))
A57: =IF(ISBLANK('October 2018'!A71),"",IF(ISTEXT('October 2018'!A71),0,'October 2018'!A71)) -> 465337 | B57: =IF(ISBLANK('October 2018'!G71),"",IF(ISTEXT('October 2018'!G71),0,'October 2018'!G71)) -> 920
A58: =IF(ISBLANK('October 2018'!A72),"",IF(ISTEXT('October 2018'!A72),0,'October 2018'!A72)) | B58: =IF(ISBLANK('October 2018'!G72),"",IF(ISTEXT('October 2018'!G72),0,'October 2018'!G72))
A59: =IF(ISBLANK('October 2018'!A73),"",IF(ISTEXT('October 2018'!A73),0,'October 2018'!A73)) | B59: =IF(ISBLANK('October 2018'!G73),"",IF(ISTEXT('October 2018'!G73),0,'October 2018'!G73)) -> 910
A60: =IF(ISBLANK('October 2018'!A74),"",IF(ISTEXT('October 2018'!A74),0,'October 2018'!A74)) | B60: =IF(ISBLANK('October 2018'!G74),"",IF(ISTEXT('October 2018'!G74),0,'October 2018'!G74)) -> 1295
A61: =IF(ISBLANK('October 2018'!A75),"",IF(ISTEXT('October 2018'!A75),0,'October 2018'!A75)) | B61: =IF(ISBLANK('October 2018'!G75),"",IF(ISTEXT('October 2018'!G75),0,'October 2018'!G75))
A62: =IF(ISBLANK('October 2018'!A79),"",IF(ISTEXT('October 2018'!A79),0,'October 2018'!A79)) -> 464288 | B62: =IF(ISBLANK('October 2018'!G79),"",IF(ISTEXT('October 2018'!G79),0,'October 2018'!G79)) -> 450
A63: =IF(ISBLANK('October 2018'!A80),"",IF(ISTEXT('October 2018'!A80),0,'October 2018'!A80)) -> 465135 | B63: =IF(ISBLANK('October 2018'!G80),"",IF(ISTEXT('October 2018'!G80),0,'October 2018'!G80)) -> 450
A64: =IF(ISBLANK('October 2018'!A81),"",IF(ISTEXT('October 2018'!A81),0,'October 2018'!A81)) -> 465338 | B64: =IF(ISBLANK('October 2018'!G81),"",IF(ISTEXT('October 2018'!G81),0,'October 2018'!G81)) -> 440
A65: =IF(ISBLANK('October 2018'!A85),"",IF(ISTEXT('October 2018'!A85),0,'October 2018'!A85)) -> 465664 | B65: =IF(ISBLANK('October 2018'!G85),"",IF(ISTEXT('October 2018'!G85),0,'October 2018'!G85)) -> 1057.54
A66: =IF(ISBLANK('October 2018'!A86),"",IF(ISTEXT('October 2018'!A86),0,'October 2018'!A86)) | B66: =IF(ISBLANK('October 2018'!G86),"",IF(ISTEXT('October 2018'!G86),0,'October 2018'!G86)) -> 4203.06
A67: =IF(ISBLANK('October 2018'!A90),"",IF(ISTEXT('October 2018'!A90),0,'October 2018'!A90)) -> 464838 | B67: =IF(ISBLANK('October 2018'!G90),"",IF(ISTEXT('October 2018'!G90),0,'October 2018'!G90)) -> 7008.14
A68: =IF(ISBLANK('October 2018'!A91),"",IF(ISTEXT('October 2018'!A91),0,'October 2018'!A91)) | B68: =IF(ISBLANK('October 2018'!G91),"",IF(ISTEXT('October 2018'!G91),0,'October 2018'!G91))
A69: =IF(ISBLANK('October 2018'!A92),"",IF(ISTEXT('October 2018'!A92),0,'October 2018'!A92)) | B69: =IF(ISBLANK('October 2018'!G92),"",IF(ISTEXT('October 2018'!G92),0,'October 2018'!G92))
A70: =IF(ISBLANK('October 2018'!A93),"",IF(ISTEXT('October 2018'!A93),0,'October 2018'!A93)) | B70: =IF(ISBLANK('October 2018'!G93),"",IF(ISTEXT('October 2018'!G93),0,'October 2018'!G93)) -> 291.04
A71: =IF(ISBLANK('October 2018'!A94),"",IF(ISTEXT('October 2018'!A94),0,'October 2018'!A94)) -> 465005 | B71: =IF(ISBLANK('October 2018'!G94),"",IF(ISTEXT('October 2018'!G94),0,'October 2018'!G94)) -> 6879
A72: =IF(ISBLANK('October 2018'!A98),"",IF(ISTEXT('October 2018'!A98),0,'October 2018'!A98)) -> 465665 | B72: =IF(ISBLANK('October 2018'!G98),"",IF(ISTEXT('October 2018'!G98),0,'October 2018'!G98)) -> 751.09
A73: =IF(ISBLANK('October 2018'!A99),"",IF(ISTEXT('October 2018'!A99),0,'October 2018'!A99)) | B73: =IF(ISBLANK('October 2018'!G99),"",IF(ISTEXT('October 2018'!G99),0,'October 2018'!G99))
A74: =IF(ISBLANK('October 2018'!A100),"",IF(ISTEXT('October 2018'!A100),0,'October 2018'!A100)) | B74: =IF(ISBLANK('October 2018'!G100),"",IF(ISTEXT('October 2018'!G100),0,'October 2018'!G100))
A75: =IF(ISBLANK('October 2018'!A101),"",IF(ISTEXT('October 2018'!A101),0,'October 2018'!A101)) | B75: =IF(ISBLANK('October 2018'!G101),"",IF(ISTEXT('October 2018'!G101),0,'October 2018'!G101))
A76: =IF(ISBLANK('October 2018'!A102),"",IF(ISTEXT('October 2018'!A102),0,'October 2018'!A102)) | B76: =IF(ISBLANK('October 2018'!G102),"",IF(ISTEXT('October 2018'!G102),0,'October 2018'!G102)) -> -52.11
A77: =IF(ISBLANK('October 2018'!A103),"",IF(ISTEXT('October 2018'!A103),0,'October 2018'!A103)) | B77: =IF(ISBLANK('October 2018'!G103),"",IF(ISTEXT('October 2018'!G103),0,'October 2018'!G103)) -> 38.92
A78: =IF(ISBLANK('October 2018'!A107),"",IF(ISTEXT('October 2018'!A107),0,'October 2018'!A107)) -> 464434 | B78: =IF(ISBLANK('October 2018'!G107),"",IF(ISTEXT('October 2018'!G107),0,'October 2018'!G107)) -> 1006.77
A79: =IF(ISBLANK('October 2018'!A111),"",IF(ISTEXT('October 2018'!A111),0,'October 2018'!A111)) -> 464170 | B79: =IF(ISBLANK('October 2018'!G111),"",IF(ISTEXT('October 2018'!G111),0,'October 2018'!G111)) -> 215.7
A80: =IF(ISBLANK('October 2018'!A112),"",IF(ISTEXT('October 2018'!A112),0,'October 2018'!A112)) -> 464435 | B80: =IF(ISBLANK('October 2018'!G112),"",IF(ISTEXT('October 2018'!G112),0,'October 2018'!G112)) -> 3441.95
A81: =IF(ISBLANK('October 2018'!A113),"",IF(ISTEXT('October 2018'!A113),0,'October 2018'!A113)) | B81: =IF(ISBLANK('October 2018'!G113),"",IF(ISTEXT('October 2018'!G113),0,'October 2018'!G113)) -> 1771.86
A82: =IF(ISBLANK('October 2018'!A114),"",IF(ISTEXT('October 2018'!A114),0,'October 2018'!A114)) | B82: =IF(ISBLANK('October 2018'!G114),"",IF(ISTEXT('October 2018'!G114),0,'October 2018'!G114)) -> 409.4
A83: =IF(ISBLANK('October 2018'!A115),"",IF(ISTEXT('October 2018'!A115),0,'October 2018'!A115)) -> 464667 | B83: =IF(ISBLANK('October 2018'!G115),"",IF(ISTEXT('October 2018'!G115),0,'October 2018'!G115)) -> 581.76
A84: =IF(ISBLANK('October 2018'!A116),"",IF(ISTEXT('October 2018'!A116),0,'October 2018'!A116)) | B84: =IF(ISBLANK('October 2018'!G116),"",IF(ISTEXT('October 2018'!G116),0,'October 2018'!G116)) -> 781.8
A85: =IF(ISBLANK('October 2018'!A117),"",IF(ISTEXT('October 2018'!A117),0,'October 2018'!A117)) | B85: =IF(ISBLANK('October 2018'!G117),"",IF(ISTEXT('October 2018'!G117),0,'October 2018'!G117)) -> 272.49
A86: =IF(ISBLANK('October 2018'!A118),"",IF(ISTEXT('October 2018'!A118),0,'October 2018'!A118)) -> 465006 | B86: =IF(ISBLANK('October 2018'!G118),"",IF(ISTEXT('October 2018'!G118),0,'October 2018'!G118)) -> 4420.34
A87: =IF(ISBLANK('October 2018'!A119),"",IF(ISTEXT('October 2018'!A119),0,'October 2018'!A119)) | B87: =IF(ISBLANK('October 2018'!G119),"",IF(ISTEXT('October 2018'!G119),0,'October 2018'!G119))
A88: =IF(ISBLANK('October 2018'!A120),"",IF(ISTEXT('October 2018'!A120),0,'October 2018'!A120)) | B88: =IF(ISBLANK('October 2018'!G120),"",IF(ISTEXT('October 2018'!G120),0,'October 2018'!G120)) -> 2222.27
A89: =IF(ISBLANK('October 2018'!A121),"",IF(ISTEXT('October 2018'!A121),0,'October 2018'!A121)) | B89: =IF(ISBLANK('October 2018'!G121),"",IF(ISTEXT('October 2018'!G121),0,'October 2018'!G121))
A90: =IF(ISBLANK('October 2018'!A122),"",IF(ISTEXT('October 2018'!A122),0,'October 2018'!A122)) | B90: =IF(ISBLANK('October 2018'!G122),"",IF(ISTEXT('October 2018'!G122),0,'October 2018'!G122))
... A102: =IF(ISBLANK('October 2018'!A134),"",IF(ISTEXT('October 2018'!A134),0,'October 2018'!A134)) | B102: =IF(ISBLANK('October 2018'!G134),"",IF(ISTEXT('October 2018'!G134),0,'October 2018'!G134))
A103: =IF(ISBLANK('October 2018'!A138),"",IF(ISTEXT('October 2018'!A138),0,'October 2018'!A138)) -> 465667 | B103: =IF(ISBLANK('October 2018'!G138),"",IF(ISTEXT('October 2018'!G138),0,'October 2018'!G138)) -> 100
A104: =IF(ISBLANK('October 2018'!A142),"",IF(ISTEXT('October 2018'!A142),0,'October 2018'!A142)) -> 464436 | B104: =IF(ISBLANK('October 2018'!G142),"",IF(ISTEXT('October 2018'!G142),0,'October 2018'!G142)) -> 16.04
A105: =IF(ISBLANK('October 2018'!A146),"",IF(ISTEXT('October 2018'!A146),0,'October 2018'!A146)) -> 464839 | B105: =IF(ISBLANK('October 2018'!G146),"",IF(ISTEXT('October 2018'!G146),0,'October 2018'!G146)) -> 1500
A106: =IF(ISBLANK('October 2018'!A150),"",IF(ISTEXT('October 2018'!A150),0,'October 2018'!A150)) -> 465007 | B106: =IF(ISBLANK('October 2018'!G150),"",IF(ISTEXT('October 2018'!G150),0,'October 2018'!G150)) -> 885
A107: =IF(ISBLANK('October 2018'!A154),"",IF(ISTEXT('October 2018'!A154),0,'October 2018'!A154)) -> 464171 | B107: =IF(ISBLANK('October 2018'!G154),"",IF(ISTEXT('October 2018'!G154),0,'October 2018'!G154)) -> -69.38
A108: =IF(ISBLANK('October 2018'!A155),"",IF(ISTEXT('October 2018'!A155),0,'October 2018'!A155)) | B108: =IF(ISBLANK('October 2018'!G155),"",IF(ISTEXT('October 2018'!G155),0,'October 2018'!G155)) -> -144.53
A109: =IF(ISBLANK('October 2018'!A156),"",IF(ISTEXT('October 2018'!A156),0,'October 2018'!A156)) | B109: =IF(ISBLANK('October 2018'!G156),"",IF(ISTEXT('October 2018'!G156),0,'October 2018'!G156)) -> 2685.19
A110: =IF(ISBLANK('October 2018'!A157),"",IF(ISTEXT('October 2018'!A157),0,'October 2018'!A157)) | B110: =IF(ISBLANK('October 2018'!G157),"",IF(ISTEXT('October 2018'!G157),0,'October 2018'!G157))
A111: =IF(ISBLANK('October 2018'!A158),"",IF(ISTEXT('October 2018'!A158),0,'October 2018'!A158)) | B111: =IF(ISBLANK('October 2018'!G158),"",IF(ISTEXT('October 2018'!G158),0,'October 2018'!G158))
A112: =IF(ISBLANK('October 2018'!A159),"",IF(ISTEXT('October 2018'!A159),0,'October 2018'!A159)) | B112: =IF(ISBLANK('October 2018'!G159),"",IF(ISTEXT('October 2018'!G159),0,'October 2018'!G159))
A113: =IF(ISBLANK('October 2018'!A160),"",IF(ISTEXT('October 2018'!A160),0,'October 2018'!A160)) | B113: =IF(ISBLANK('October 2018'!G160),"",IF(ISTEXT('October 2018'!G160),0,'October 2018'!G160))
A114: =IF(ISBLANK('October 2018'!A161),"",IF(ISTEXT('October 2018'!A161),0,'October 2018'!A161)) | B114: =IF(ISBLANK('October 2018'!G161),"",IF(ISTEXT('October 2018'!G161),0,'October 2018'!G161))
A115: =IF(ISBLANK('October 2018'!A162),"",IF(ISTEXT('October 2018'!A162),0,'October 2018'!A162)) | B115: =IF(ISBLANK('October 2018'!G162),"",IF(ISTEXT('October 2018'!G162),0,'October 2018'!G162))
A116: =IF(ISBLANK('October 2018'!A163),"",IF(ISTEXT('October 2018'!A163),0,'October 2018'!A163)) | B116: =IF(ISBLANK('October 2018'!G163),"",IF(ISTEXT('October 2018'!G163),0,'October 2018'!G163))
A117: =IF(ISBLANK('October 2018'!A164),"",IF(ISTEXT('October 2018'!A164),0,'October 2018'!A164)) | B117: =IF(ISBLANK('October 2018'!G164),"",IF(ISTEXT('October 2018'!G164),0,'October 2018'!G164))
A118: =IF(ISBLANK('October 2018'!A165),"",IF(ISTEXT('October 2018'!A165),0,'October 2018'!A165)) -> 464172 | B118: =IF(ISBLANK('October 2018'!G165),"",IF(ISTEXT('October 2018'!G165),0,'October 2018'!G165)) -> 210.83
... A130: =IF(ISBLANK('October 2018'!A177),"",IF(ISTEXT('October 2018'!A177),0,'October 2018'!A177)) | B130: =IF(ISBLANK('October 2018'!G177),"",IF(ISTEXT('October 2018'!G177),0,'October 2018'!G177))
A131: =IF(ISBLANK('October 2018'!A181),"",IF(ISTEXT('October 2018'!A181),0,'October 2018'!A181)) -> 464840 | B131: =IF(ISBLANK('October 2018'!G181),"",IF(ISTEXT('October 2018'!G181),0,'October 2018'!G181)) -> 29.96
A132: =IF(ISBLANK('October 2018'!A185),"",IF(ISTEXT('October 2018'!A185),0,'October 2018'!A185)) -> 465316 | B132: =IF(ISBLANK('October 2018'!G185),"",IF(ISTEXT('October 2018'!G185),0,'October 2018'!G185)) -> 13574.63
A133: =IF(ISBLANK('October 2018'!A186),"",IF(ISTEXT('October 2018'!A186),0,'October 2018'!A186)) -> 465317 | B133: =IF(ISBLANK('October 2018'!G186),"",IF(ISTEXT('October 2018'!G186),0,'October 2018'!G186)) -> 196148.72
A134: =IF(ISBLANK('October 2018'!A187),"",IF(ISTEXT('October 2018'!A187),0,'October 2018'!A187)) | B134: =IF(ISBLANK('October 2018'!G187),"",IF(ISTEXT('October 2018'!G187),0,'October 2018'!G187))
A135: =IF(ISBLANK('October 2018'!A188),"",IF(ISTEXT('October 2018'!A188),0,'October 2018'!A188)) | B135: =IF(ISBLANK('October 2018'!G188),"",IF(ISTEXT('October 2018'!G188),0,'October 2018'!G188))
A136: =IF(ISBLANK('October 2018'!A189),"",IF(ISTEXT('October 2018'!A189),0,'October 2018'!A189)) -> 465318 | B136: =IF(ISBLANK('October 2018'!G189),"",IF(ISTEXT('October 2018'!G189),0,'October 2018'!G189)) -> 2320.7
A137: =IF(ISBLANK('October 2018'!A193),"",IF(ISTEXT('October 2018'!A193),0,'October 2018'!A193)) -> 464289 | B137: =IF(ISBLANK('October 2018'!G193),"",IF(ISTEXT('October 2018'!G193),0,'October 2018'!G193)) -> 1100
A138: =IF(ISBLANK('October 2018'!A194),"",IF(ISTEXT('October 2018'!A194),0,'October 2018'!A194)) -> 464720 | B138: =IF(ISBLANK('October 2018'!G194),"",IF(ISTEXT('October 2018'!G194),0,'October 2018'!G194)) -> 450
A139: =IF(ISBLANK('October 2018'!A195),"",IF(ISTEXT('October 2018'!A195),0,'October 2018'!A195)) | B139: =IF(ISBLANK('October 2018'!G195),"",IF(ISTEXT('October 2018'!G195),0,'October 2018'!G195)) -> 100
A140: =IF(ISBLANK('October 2018'!A196),"",IF(ISTEXT('October 2018'!A196),0,'October 2018'!A196)) -> 465268 | B140: =IF(ISBLANK('October 2018'!G196),"",IF(ISTEXT('October 2018'!G196),0,'October 2018'!G196)) -> 450
A141: =IF(ISBLANK('October 2018'!A197),"",IF(ISTEXT('October 2018'!A197),0,'October 2018'!A197)) | B141: =IF(ISBLANK('October 2018'!G197),"",IF(ISTEXT('October 2018'!G197),0,'October 2018'!G197)) -> 550
A142: =IF(ISBLANK('October 2018'!A198),"",IF(ISTEXT('October 2018'!A198),0,'October 2018'!A198)) -> 465617 | B142: =IF(ISBLANK('October 2018'!G198),"",IF(ISTEXT('October 2018'!G198),0,'October 2018'!G198)) -> 450
...
